Unix NetHack Version 5.0.0-0 post-release - last build May 30 2026 05:04:26 (55804bc15828dd6e32e9076e0726aa6fccb6e981,branch:main).

Game began 2026-05-30 13:21:41, ended 2026-05-30 13:38:09.

Japes, lawful female human Valkyrie

 ---------         ------------                       -------      -----------
 |.......|         |...........                       |.....|      |.........|
 |.......|         |...<......|                #######......|      |.........|
 |........#########|..........| ################      |......#     |.........|
 |{......|        #|...........###############        |.....|####  |.........|
 ----.----        #------+-----    #0#.......#        |......#  ## |.........|
     #            #########     #####........#        |.....|#   ##..........|
     #                 ###      #   ##......{#        --.----#     ---.-------
     #                 #       ##   ##.......#          ##   ##       #
     #                #%       #    ##...{.n.#           #    #       #
     #            ----.--------#    ##......na@##        #    #       #
  ---|-------#####.............###############  #        #    #       #
  |..........#    |...........|     ###         #    ----.--  #       #
  |.........|     |...........|                 #####|.....|  #       #
  |.........|     -------------                     #|..>..|  ####----|----
  |(........|                                       #......|     #........|
  -----------                                        |.....|      |.......|
                                                     -------      ---------

Japes the Skirmisher        St:17 Dx:15 Co:18 In:7 Wi:10 Ch:8  Lawful
Dlvl:5  $:109 HP:0(43) Pw:17(17) AC:10 Xp:4/119 T:1581  Hungry  

Latest messages:
 You hit the giant ant.
 The giant ant bites!
 The giant ant bites!
 You kill the giant ant!
 The wood nymph picks up a crossbow.
 You hit the wood nymph.
 The wood nymph picks up 10 crossbow bolts.
 The wood nymph charms you.  You gladly hand over your shield.
 She stole an uncursed +3 small shield.
 The wood nymph vanishes!
 You miss the wood nymph.
 The wood nymph stole 2 uncursed venti hot decaf vanilla lattes.
 The wood nymph vanishes!
 You are beginning to feel hungry.
 You hit the wood nymph.
 The wood nymph stole a clear potion.
 The wood nymph vanishes!
 The giant ant bites!
 You miss the giant ant.
 The giant ant bites!
 You hit the giant ant.
 The giant ant bites!
 You miss the giant ant.
 The giant ant bites!
 You miss the giant ant.
 The giant ant bites!
 The giant ant bites!
 You miss the giant ant.
 The giant ant bites!
 The giant ant bites!
 You hit the giant ant.
 The giant ant bites!
 The giant ant bites!
 You miss the giant ant.
 The giant ant bites!
 The wood nymph appears close by!
 The giant ant bites!
 You hit the giant ant.
 The giant ant bites!
 You miss the giant ant.
 The giant ant bites!
 You miss the giant ant.
 The giant ant bites!
 The giant ant bites!
 You miss the giant ant.
 The giant ant bites!
 The giant ant bites!
 You die...
 Do you want your possessions identified? [ynq] (y)
 Do you want to see your attributes? [ynq] (y)

Inventory:
 Coins    ('$')
  $ - 109 gold pieces
 Armor    ('[')
  x - a cursed -1 mummy wrapping
 Comestibles  ('%')
  w - an uncursed fortune cookie
  o - an uncursed tripe ration
 Scrolls  ('?')
  B - an uncursed scroll of gold detection
 Gems/Stones  ('*')
  n - an uncursed worthless piece of red glass

Japes the Valkyrie's attributes:

Background:
 You were a Skirmisher, a level 4 human Valkyrie.
 You were lawful, on a mission for Tyr
 who was opposed by Odin (neutral) and Loki (chaotic).
 You were right-handed.
 You were in the Dungeons of Doom, on level 5.
 You entered the dungeon 1581 turns ago.
 You had 119 experience points, 41 more were needed to attain level 5.

Basics:
 You had 0 out of 43 hit points.
 You had all 17 energy points (spell power).
 Your armor class was 10.
 Your wallet contained 109 zorkmids.
 Autopickup was on for '$' plus thrown.

Final Characteristics:
 Your strength was 17 (limit:18/100).
 Your dexterity was 15 (limit:18).
 Your constitution was 18 (limit:18).
 Your intelligence was 7 (limit:18).
 Your wisdom was 10 (limit:18).
 Your charisma was 8 (limit:18).

Final Status:
 You were hungry.
 You were unencumbered.
 You were bare handed.
 You were unskilled in bare handed combat.
 You weren't wearing any armor.

Final Attributes:
 You were devoutly aligned.
 You were cold resistant.
 You were stealthy.
 You are dead.

Miscellaneous:
 You didn't encounter any bones levels.
 Total elapsed playing time was 16 minutes and 28 seconds.

Major events:
 Turn
    1: Japes the lawful human Valkyrie entered the dungeon
  783: attained the rank of Skirmisher (level 3)
  932: entered the Gnomish Mines
 1581: killed by a giant ant

You didn't know any spells.

Skills:
 Fighting Skills
   bare handed combat [Unskilled]
   two weapon combat  [Unskilled]
   riding             [Unskilled]
 Weapon Skills
   dagger             [Basic]
   axe                [Unskilled]
   pick-axe           [Unskilled]
   short sword        [Unskilled]
   broadsword         [Unskilled]
   long sword         [Unskilled]
   two-handed sword   [Unskilled]
   saber              [Unskilled]
   hammer             [Unskilled]
   quarterstaff       [Unskilled]
   polearms           [Unskilled]
   spear              [Basic]
   trident            [Unskilled]
   lance              [Unskilled]
   sling              [Unskilled]
 Spellcasting Skills
   attack spells      [Unskilled]
   escape spells      [Unskilled]

Voluntary challenges:
 Character rerolling was not enabled.
 You were illiterate.
 You never genocided any monsters.
 You never polymorphed an object.
 You never changed form.
 You used no wishes.
Achievements:
 You entered a shop.
 You attained the rank of Skirmisher.
 You entered the Gnomish Mines.

 The Dungeons of Doom: levels 1 to 6
    Level 1:
       A fountain.
    Level 2:
    Level 3:
       A general store, a fountain, a sink.
       Stairs down to The Gnomish Mines.
    Level 4:
       An altar.
    Level 5: <- You were here.
       Many fountains, many trees.
       Final resting place for
          you, killed by a giant ant.
    Level 6:
 The Gnomish Mines:
    Level 4:


Vanquished creatures:
  a small mimic
  a shrieker
  a kobold mummy
  a giant ant
  a giant rat
  a red mold
  2 gnomes
  a gecko
  3 jackals
  a fox
  a kobold
  2 goblins
  6 grid bugs
  3 lichens
  3 newts
28 creatures vanquished.

No species were genocided or became extinct.

Game over:
                       ----------
                      /          \
                     /    REST    \
                    /      IN      \
                   /     PEACE      \
                  /                  \
                  |      Japes       |
                  |      109 Au      |
                  |   killed by a    |
                  |    giant ant     |
                  |                  |
                  |                  |
                  |       2026       |
                 *|     *  *  *      | *
        _________)/\\_//(\/(/\)/\//\/|_)_______

Farvel Japes the Valkyrie...

You died in The Dungeons of Doom on dungeon level 5 with 825 points,
and 109 pieces of gold, after 1581 moves.
You were level 4 with a maximum of 43 hit points when you died.

